 Dungeon Crawl Stone Soup version 0.27-a0-1078-g0d77da1 (webtiles) character file.

Game seed: 784706411049111271

2776 GeorgeSoros the Covert (level 9, 0/34 (39) HPs)
             Began as a Spriggan Enchanter on Apr 25, 2021.
             Was an Initiate of Wu Jian.
             Slain by a wight
             ... wielding a +6 war axe
              (4 damage)
             ... on level 7 of the Dungeon.
             The game lasted 00:39:19 (9964 turns).

GeorgeSoros the Covert (Spriggan Enchanter)         Turns: 9964, Time: 00:39:19

HP:   0/34 (39)     AC:  9    Str:  7    XL:     9   Next: 42%
MP:   12/14         EV: 17    Int: 23    God:    Wu Jian [......]
Gold: 289           SH:  0    Dex: 15    Spells: 5/14 levels left

rFire    . . .     SeeInvis +   (weapon restricted)
rCold    . . .     Faith    .   (shield restricted)
rNeg     . . .     Spirit   .   v - +0 swamp dragon scales
rPois    +         Reflect  .   (helmet restricted)
rElec    .         Harm     .   q - +1 cloak {rPois}
rCorr    .         Rampage  .   (gloves unavailable)
Will     +....                  (boots unavailable)
Stlth    ++++......             f - amulet of the acrobat
HPRegen  0.11/turn              m - +6 ring of intelligence
MPRegen  0.14/turn              o - ring of poison resistance

@: confusing by touch, heavily drained, very quick
A: very small, no large weapons, unfitting armour, see invisible, speed 3
a: Renounce Religion


You were on level 7 of the Dungeon.
You worshipped Wu Jian.
Wu Jian was noncommittal.
You visited 2 branches of the dungeon, and saw 8 of its levels.

You collected 289 gold pieces.

Inventory:

Hand Weapons
 a - a +2 dagger
 b - the +11 mace of the Muttering Pill Bug {vorpal, +Blink rPois Dex+4}
   (You found it on level 5 of the Dungeon)

   It inflicts extra damage upon your enemies.
   It affects your dexterity (+4).
   It protects you from poison.
   It lets you blink.
Missiles
 u - 22 poisoned darts
Armour
 q - a +1 cloak of poison resistance (worn)
 r - a +0 robe
 v - +0 swamp dragon scales (worn)
Jewellery
 f - an amulet of the acrobat (around neck)
 m - a +6 ring of intelligence (left hand)
 o - a ring of poison resistance (right hand)
 t - a ring of magical power
Wands
 g - a wand of flame (16)
 i - a wand of digging (4)
 w - a wand of acid (10)
Scrolls
 c - 2 scrolls of immolation
 j - 2 scrolls of amnesia
 x - 3 scrolls of identify
Potions
 d - 3 potions of haste
 e - a potion of mutation
 h - a potion of heal wounds {unknown}
 k - 3 potions of magic
 l - a potion of brilliance
 n - a potion of curing
 p - a potion of flight {unknown}
 s - a potion of lignification {unknown}


   Skills:
 + Level 7.3 Short Blades
 + Level 7.2 Dodging
 - Level 11.0 Stealth
 - Level 3.0 Spellcasting
 + Level 8.7 Hexes
 - Level 2.0 Ice Magic
 + Level 2.1 Evocations


You had 5 spell levels left.
You knew the following spells:

 Your Spells              Type           Power      Damage    Failure   Level
a - Corona                Hex            47%        N/A       1%          1
b - Ensorcelled Hibernat  Hex/Ice        56%        N/A       7%          2
c - Tukima's Dance        Hex            43%        N/A       3%          3
d - Confusing Touch       Hex            43%        N/A       3%          3

Your spell library contained the following spells:

 Spells                   Type           Power      Damage    Failure   Level
 Dazzling Flash           Conj/Hex       46%        N/A       21%         3


Dungeon Overview and Level Annotations

Branches:
Dungeon (7/15)             Temple (1/1) D:6

Altars:
Ashenzari
Elyvilon
Fedhas
Hepliaklqana
Makhleb
Nemelex Xobeh
Qazlal
Wu Jian
Zin

Shops:
D:2 =   D:4 [   D:5 (


Innate Abilities, Weirdness & Mutations

You are very small and have problems with some larger weapons.
You are too small for most types of armour.
You have supernaturally acute eyesight. (SInv)
You cover ground extremely quickly. (Speed+++)


Message History

The wight misses you.
Really attack while wielding nothing?
You hit the wight but do no damage.
The wight appears confused.
a - a +2 dagger (weapon)
You feel agile.
b - the +11 mace of the Muttering Pill Bug (weapon)
{vorpal, +Blink rPois Dex+4} You hit the wight.
The wight is heavily damaged.
You hit the wight.
The wight is almost destroyed.
The wight misses you.
You catch the helpless wight completely off-guard!
You hit the wight.
You destroy the wight!
The Council accepts your kill.
a - a +2 dagger (weapon)
Things that are here:
a +0 halberd; a +0 robe You open the door.
There is an open door here.
There is an open door here.
A wight comes into view.
It is wielding a +2 battleaxe of freezing.
Found a hunting sling.
A wight comes into view. It is wielding a +6 war axe.
A wight comes into view. It is wielding a +0 halberd.
You are now empty-handed.
Casting: Confusing Touch (dangerous; 3% risk of failure)
Confirm with . or Enter, or press ? or * to list all spells.
Your hands begin to glow red.
You lunge at the wight.
You closely miss the wight.
Really attack while wielding nothing?
You hit the wight but do no damage. The wight hits you with a +6 war axe!
You feel drained.
You hit the wight but do no damage. The wight hits you with a +6 war axe!
You feel drained.
You barely miss the wight. The wight closely misses you.
You closely miss the wight. The wight hits you with a +6 war axe!
* * * LOW HITPOINT WARNING * * *
You feel drained.
You die...

..........#.....#............
..........#.....#............
..........#####'#............
..)............................
...............................
................)..............
...................)...........
...............................
.............z@..........######
............#'#####......#
..z.........#.....#......#
............#.....#.<....#
..........).+.....#......#
z...........#....##......#
######.....##....#.......#
#.....#.....#.......#
+.....+.....#.......#


You could see a wight.

Vanquished Creatures
  Maggie (D:7)
  Eustachio (D:5)
  A yak (D:6)
  2 water moccasins
  An ice beast (D:6)
  A sky beast (D:5)
  2 necrophages
  An ogre (D:2)
  A kobold brigand (D:5)
  2 bullfrogs
  A wyvern zombie (D:7)
  6 scorpions
  A water moccasin zombie (D:7)
  A water moccasin skeleton (D:6)
  A wight (D:7)
  A howler monkey (D:5)
  3 centaur zombies (D:6)
  5 hounds
  A jelly (D:2)
  4 orc priests
  A centaur skeleton (D:6)
  Crazy Yiuf (D:5)
  Jessica (D:2)
  4 iguanas
  2 orc wizards (D:6)
  Terence (D:3)
  7 adders
  2 ufetubi (D:5)
  2 worms (D:2)
  2 dart slugs
  12 orcs
  10 bats
  2 endoplasms
  2 giant cockroaches
  4 goblins
  7 hobgoblins
  3 jackals
  9 kobolds
  5 quokkas
  6 ball pythons
  3 frilled lizards
  12 rats
135 creatures vanquished.

Vanquished Creatures (collateral kills)
  A bat (D:2)
  A jackal (D:2)
2 creatures vanquished.

Vanquished Creatures (others)
  A dancing weapon (D:5)
  4 plants (D:1)
  2 withered plants (D:1)
7 creatures vanquished.

Grand Total: 144 creatures vanquished

Notes
Turn   | Place    | Note
-------+----------+-------------------------------------------
     0 | D:1      | GeorgeSoros the Spriggan Enchanter began the quest for the
                  | Orb.
     0 | D:1      | Reached XP level 1. HP: 9/9 MP: 5/5
    74 | D:1      | Found a faded altar of an unknown god.
   461 | D:1      | Reached XP level 2. HP: 8/13 MP: 3/6
   471 | D:1      | Learned a level 2 spell: Ensorcelled Hibernation
  1453 | D:1      | Reached XP level 3. HP: 14/16 MP: 5/8
  1465 | D:1      | Reached skill level 5 in Stealth
  1961 | D:2      | Noticed an ogre
  2068 | D:2      | Killed an ogre
  2069 | D:2      | Reached skill level 1 in Ice Magic
  2069 | D:2      | Reached XP level 4. HP: 21/21 MP: 3/9
  2196 | D:2      | You fall into a shaft and drop 1 floor!
  2626 | D:3      | Reached XP level 5. HP: 24/24 MP: 10/10
  2878 | D:2      | Learned a level 3 spell: Tukima's Dance
  3152 | D:2      | Found Nufaq's Jewellery Boutique.
  3682 | D:2      | Reached skill level 6 in Stealth
  3737 | D:2      | Noticed Jessica
  3744 | D:2      | Killed Jessica
  3899 | D:3      | Reached XP level 6. HP: 28/28 MP: 8/11
  3956 | D:3      | Noticed Terence
  3958 | D:3      | Killed Terence
  3959 | D:3      | Reached skill level 5 in Hexes
  4211 | D:4      | Found Gan Socuk's Armour Shoppe.
  4267 | D:4      | Learned a level 3 spell: Confusing Touch
  5447 | D:5      | Entered Level 5 of the Dungeon
  5475 | D:5      | Reached skill level 7 in Stealth
  5494 | D:5      | Noticed a sky beast
  5508 | D:5      | Killed a sky beast
  5509 | D:5      | Reached XP level 7. HP: 23/32 MP: 9/12
  5613 | D:5      | Found Ystuarog's Antique Weapon Emporium.
  5757 | D:5      | Found a runed translucent door.
  5758 | D:5      | Noticed Crazy Yiuf
  5765 | D:5      | Killed Crazy Yiuf
  5774 | D:5      | Identified the +11 mace of the Muttering Pill Bug {vorpal,
                  | +Blink rPois Dex+4}
  6296 | D:5      | Noticed Eustachio
  6447 | D:5      | Reached skill level 8 in Stealth
  6657 | D:5      | Killed Eustachio
  6874 | D:5      | Reached skill level 5 in Short Blades
  6911 | D:5      | Reached skill level 1 in Evocations
  6959 | D:5      | Reached XP level 8. HP: 36/36 MP: 10/13
  7165 | D:5      | Reached skill level 9 in Stealth
  7648 | D:6      | Reached skill level 5 in Dodging
  7814 | D:6      | Found a staircase to the Ecumenical Temple.
  7858 | Temple   | Entered the Ecumenical Temple
  7885 | Temple   | Became a worshipper of the Wu Jian Council
  8174 | D:6      | Reached skill level 10 in Stealth
  8612 | D:6      | Reached XP level 9. HP: 39/39 MP: 9/14
  9211 | D:7      | Noticed Maggie
  9280 | D:7      | Killed Maggie
  9644 | D:7      | Reached skill level 11 in Stealth
  9964 | D:7      | Slain by a wight

Illustrated notes

Levels and vault maps discovered:
D:1:      minmay_arrival_hallway, layout_rooms,
          shapermc_ecumenical_altar_flowoftime
D:2:      layout_basic, serial_shops, shop, uniq_jessica
D:3:      layout_basic, uniq_terence
D:4:      layout_basic, serial_curves, eino_curves_01, eino_curves_03,
          serial_shops, shop
D:5:      layout_layer_cave, serial_shops, nicolae_shop_waterfront,
          uniq_eustachio, uniq_crazy_yiuf_cottage
D:6:      layout_rooms, minmay_temple_entry_glass
D:7:      layout_gridville, uniq_maggie, uniq_pikel
Temple:   compressed_dpeg_triangle_lava_temple

Skill      XL: |  1  2  3  4  5  6  7  8  9 |
---------------+----------------------------+-----
Dodging        | 3 4 6 7 |  7.2
Hexes          | 4 5 6 8 |  8.7
Stealth        | 5 6 7 8 10 11 | 11.0
Short Blades   | 2 3 4 5 6 7 |  7.3
Ice Magic      | 1 2 |  2.0
Spellcasting   | 3 |  3.0
Evocations     | 1 2 |  2.1

Action                   |  1- 3 |  4- 6 |  7- 9 || total
-------------------------+-------+-------+-------++-------
Melee: Dagger            |   156 |   127 |   129 ||   412
       Unarmed           |       |     7 |    18 ||    25
       Mace              |       |       |    23 ||    23
 Cast: Corona            |    31 |     9 |     5 ||    45
       Ensorcelled Hiber |     6 |    22 |    72 ||   100
       Confusing Touch   |       |     1 |     9 ||    10
       Tukima's Dance    |       |       |     1 ||     1
Invok: Lunge             |       |       |    14 ||    14
  Use: Scroll            |     4 |     7 |     1 ||    12
 Stab: Sleeping          |     8 |    33 |    39 ||    80
       Confused          |       |     1 |     6 ||     7
Armor: Robe              |    12 |     4 |    16 ||    32
       Swamp dragon scal |       |       |     5 ||     5
Dodge: Dodged            |   107 |    85 |   133 ||   325

Table legend: (Time is in decaauts)
 A = Elapsed time spent in this place.
 B = Non-inter-level travel time spent in this place.
 C = Inter-level travel time spent in this place.
 D = Time resting spent in this place.
 E = Time spent auto-exploring this place.
 F = Levels seen in this place.
 G = Mean time per level.
                   A        B        C        D        E       F      G
               +--------+--------+--------+--------+--------+-----+--------+
         Total |   7636 |   7398 |    238 |    750 |   4874 |   8 |  954.5 |
       Dungeon |   7605 |   7367 |    238 |    750 |   4855 |   7 | 1086.4 |
        Temple |     30 |     30 |      0 |      0 |     18 |   1 |   30.0 |
               +--------+--------+--------+--------+--------+-----+--------+

Top non-repeatable levels by time:
     D:5: 1646 daAuts
     D:1: 1589 daAuts
     D:6: 1145 daAuts
     D:2: 1001 daAuts
     D:4: 893 daAuts
     D:3: 703 daAuts
     D:7: 625 daAuts
  Temple: 30 daAuts
